 Dungeon Crawl Stone Soup version 0.30-a0-652-gcc886f7154 (webtiles) character file.

Game seed: 3693903300781840946

12476 Lobster4 the Skirmisher (level 11, -1/91 HPs)
             Began as a Minotaur Hunter on Jan 17, 2023.
             Was a Priest of Hepliaklqana.
             Slain by an earth elemental (26 damage)
             ... in a volcano.
             The game lasted 00:25:53 (11832 turns).

Lobster4 the Skirmisher (Minotaur Hunter)          Turns: 11832, Time: 00:25:54

Health: -1/91      AC:  8    Str: 16    XL:     11   Next: 63%
Magic:  10/10      EV: 14    Int:  6    God:    Hepliaklqana [***...]
Gold:   861        SH:  0    Dex: 18    Spells: 10/10 levels left

rFire   + . .      SeeInvis .    a - +1 shortbow (flame)
rCold   . . .      Faith    .    (shield currently unavailable)
rNeg    . . .      Spirit   .    N - +1 ring mail {rF+}
rPois   .          Reflect  .    (helmet restricted)
rElec   .          Harm     .    (no cloak)
rCorr   .          Rampage  .    (no gloves)
Will    .....                    (no boots)
Stlth   +                        (no amulet)
HPRegen 0.35/turn                (no ring)
MPRegen 0.12/turn                (no ring)

@: about to teleport
A: reduced essence, horns 2, retaliatory headbutt
a: Renounce Religion, Recall Ancestor, Ancestor Identity, Transference


You were in a volcano.
You worshipped Hepliaklqana.
Hepliaklqana was most pleased with you.
You visited 4 branches of the dungeon, and saw 15 of its levels.
You also visited: Sewer and Volcano.

You collected 1048 gold pieces.
You spent 187 gold pieces at shops.

Inventory:

Hand Weapons
 a - a +1 shortbow of flaming (weapon)
 d - the +5 falchion of Diet Blood {heavy, Int+4}
   (You found it on level 1 of the Lair of Beasts)

   Int:       It affects your intelligence (+4).
 m - a +0 sling
 o - a +0 rapier
 r - a +1 short sword of venom
 t - a +2 short sword of draining
 v - a +0 shortbow
 M - a +5 double sword
Armour
 c - a +2 robe of willpower
 q - a +0 scale mail
 C - a +2 chain mail of cold resistance
 H - +0 gold dragon scales
 J - a +2 plate armour of poison resistance
 N - a +1 ring mail of fire resistance (worn)
Magical Staves
 F - a staff of fire
Jewellery
 u - a ring of wizardry
 K - an amulet of regeneration
Wands
 k - a wand of roots (12)
 s - a wand of flame (50)
 w - a wand of charming (10)
 L - a wand of mindburst (3)
Scrolls
 b - a scroll of immolation
 e - 4 scrolls of teleportation
 h - a scroll of poison
 x - 2 scrolls of enchant weapon
 y - 2 scrolls of enchant armour
 D - 3 scrolls of fear
Potions
 f - 2 potions of invisibility
 i - 2 potions of heal wounds
 n - a potion of might
 p - 5 potions of magic {unknown}
 z - 2 potions of lignification
 A - a potion of flight
 B - 2 potions of haste
 E - a potion of cancellation
 G - 2 potions of resistance
 I - a potion of curing


   Skills:
 + Level 11.0 Fighting
 * Level 14.3 Ranged Weapons
 + Level 10.1 Armour
 - Level 6.0 Dodging
 - Level 1.0 Stealth
 + Level 0.9 Invocations
 - Level 3.0 Evocations


You had 10 spell levels left.
You didn't know any spells.
Your spell library contained the following spells:

 Spells                   Type           Power      Damage    Failure   Level
 Freeze                   Ice            0%         1d3       63%         1
 Kiss of Death            Conj/Necr      0%         2d5       63%         1
 Cigotuvi's Dreadful Rot  Necr/Pois/Air  0%         N/A       77%         2
 Poisonous Vapours        Pois/Air       0%         N/A       77%         2
 Confusing Touch          Hex            0%         N/A       94%         3
 Dazzling Flash           Conj/Hex       0%         N/A       94%         3
 Frozen Ramparts          Ice            0%         1d1       94%         3
 Hailstorm                Conj/Ice       0%         3d3       94%         3
 Inner Flame              Hex/Fire       0%         N/A       94%         3
 Mephitic Cloud           Conj/Pois/Air  0%         N/A       94%         3
 Summon Guardian Golem    Hex/Summ       0%         N/A       94%         3
 Dispel Undead            Necr           0%         3d6       100%        4
 Flame Wave               Conj/Fire      0%         2d4       100%        4
 Sticky Flame             Conj/Fire      0%         2d3       100%        4
 Agony                    Necr           0%         N/A       100%        5
 Freezing Cloud           Conj/Ice/Air   0%         6-21      100%        5
 Silence                  Hex/Air        0%         N/A       100%        5
 Simulacrum               Ice/Necr       0%         N/A       100%        6
 Orb of Destruction       Conj           0%         9d5       100%        7
 Spellforged Servitor     Conj/Summ      0%         N/A       100%        7
 Polar Vortex             Ice            0%         N/A       100%        9


Dungeon Overview and Level Annotations

Branches:
Dungeon (11/15)            Temple (1/1) D:6            Lair (1/5) D:9
    Orc (2/2) D:9           Sewer (visited)         Volcano (1/1)
    Elf: Orc:2

Altars:
Ashenzari
Cheibriados
Dithmenos
Elyvilon
Fedhas
Gozag
Hepliaklqana
Kikubaaqudgha
Makhleb
Nemelex Xobeh
Okawaru
Qazlal
Ru
Sif Muna
Trog
Uskayaw
Vehumet
Wu Jian
Xom
Yredelemnul
Zin
The Shining One

Shops:
D:7 **

Annotations:
D:3 3 runed translucent doors, IdlyInterested's ghost, amateur DsGl; Mitcholas's ghost, amateur GrFi; mandoloar's ghost, weakling MiFi; zinnoa's ghost, amateur OpEn
D:6 3 runed translucent doors, 1 exclusion, samgaumpmail's ghost, novice TrHW
D:11 Erolcha


Innate Abilities, Weirdness & Mutations

Your life essence is reduced to manifest your ancestor. (-10% HP)
You have a pair of horns on your head.
You reflexively headbutt those who attack you in melee.


Message History

Aim: an efreet, wielding a +2 scimitar of flaming (moderately wounded, chance to affect: 76%)
The efreet's mind is blasted!
The efreet gestures at you. The bolt of fire misses you.
The earth elemental barely misses you.
Aiming: Mindburst
Press: ? - help, Shift-Dir - straight line, f/p - efreet
Aim: an efreet, wielding a +2 scimitar of flaming (heavily wounded, chance to affect: 76%)
The efreet's mind is blasted!!
The efreet hits you with a +2 scimitar of flaming!
Aiming: Mindburst
Press: ? - help, Shift-Dir - straight line, f/p - efreet
Aim: an efreet, wielding a +2 scimitar of flaming (almost dead, chance to affect: 76%)
The efreet's mind is blasted!!
You blow up the efreet!
The earth elemental hits you but does no damage.
The earth elemental barely misses you. You furiously retaliate!
You headbutt the earth elemental! You shoot an arrow.
The arrow hits the earth elemental but does no damage.
The earth elemental is heavily damaged.
You shoot an arrow. The arrow hits the earth elemental!
The earth elemental is severely damaged.
The earth elemental barely misses you. The earth elemental hits you!
You shoot an arrow.
The arrow hits the earth elemental but does no damage.
The earth elemental is severely damaged.
The earth elemental completely misses you.
You furiously retaliate!
You headbutt the earth elemental. You shoot an arrow.
The arrow completely misses the earth elemental.
The earth elemental hits you!!
You shoot an arrow.
The arrow hits the earth elemental but does no damage.
The earth elemental is severely damaged.
A molten gargoyle comes into view. It is wielding a +0 morningstar.
As you read the scroll of teleportation, it crumbles to dust.
You feel strangely unstable. The earth elemental hits you!
* * * LOW HITPOINT WARNING * * *
The earth elemental hits you!!
You die...

.....≈≈≈≈≈≈ ..≈≈≈≈§≈§§≈
..≈≈≈≈≈§≈≈§ ...≈§≈≈§≈≈§
....≈≈≈§§≈≈ # #####
#...≈≈≈§§≈ ###. #...##
###...≈≈≈≈§≈
#.8.9#E...###8.....≈≈§≈≈
#._..'E@..'........≈≈≈≈§
#.8..#)...###8......≈§≈≈
###. #...## ###......§..
# ##### ##.#......
#########


You could see 2 earth elementals and a molten gargoyle.

Vanquished Creatures
  A two-headed ogre (D:10)
  Urug (Orc:1)
  An orc sorcerer (Orc:1)
  A black mamba (Lair:1)
  An efreet (Volcano)
  A troll (D:9)
  7 yaks
  4 fire bats (Volcano)
  3 vampire mosquitoes (D:10)
  A warg (Orc:2)
  Menkaure (D:4)
  2 water moccasins
  2 sky beasts (D:7)
  An ice beast (D:6)
  3 orc warriors
  A black bear (D:6)
  8 ogres
  2 centaurs
  A phantom (D:5)
  8 kobold brigands
  A necrophage (D:7)
  2 bullfrogs
  6 gnoll sergeants
  2 scorpions
  9 killer bees
  A howler monkey (D:10)
  2 crimson imps (D:4)
  3 lava snakes (Volcano)
  A jelly (D:4)
  2 hounds
  12 orc priests
  16 orc wizards
  Natasha (D:4)
  24 gnolls
  9 adders
  An ufetubus (D:6)
  2 worms
  3 dart slugs
  45 orcs
  15 bats
  10 endoplasms
  4 giant cockroaches
  8 goblins
  10 hobgoblins
  13 jackals
  18 kobolds
  8 quokkas
  3 ball pythons
  3 frilled lizards
  6 rats
290 creatures vanquished.

Vanquished Creatures (collateral kills)
  A two-headed ogre (Orc:1)
  A troll (Orc:1)
  Prince Ribbit (D:8)
  2 fire bats (Volcano)
  5 yaks
  A vampire mosquito (D:10)
  An orc warrior (Orc:2)
  An ice beast (D:8)
  3 ogres
  A kobold brigand (D:9)
  An earth elemental (Volcano)
  3 killer bees
  2 orc priests
  A gnoll bouda (D:9)
  2 orc wizards (D:7)
  7 gnolls
  5 orcs
  A bat (D:10)
  5 kobolds
44 creatures vanquished.

Vanquished Creatures (others)
  3 knights
  An orc wizard (D:7)
  4 ancestors
8 creatures vanquished.

Grand Total: 342 creatures vanquished

Notes
Turn   | Place    | Note
-------+----------+-------------------------------------------
     0 | D:1      | Lobster4 the Minotaur Hunter began the quest for the Orb.
     0 | D:1      | Reached XP level 1. HP: 18/18 MP: 0/0
    57 | D:1      | Reached skill level 1 in Stealth
    57 | D:1      | Reached XP level 2. HP: 25/25 MP: 1/1
   166 | D:1      | Reached skill level 1 in Armour
   417 | D:1      | Reached XP level 3. HP: 30/30 MP: 2/2
   449 | D:1      | Found a faded altar of an unknown god.
   939 | D:2      | Reached skill level 5 in Ranged Weapons
  1109 | D:2      | Reached XP level 4. HP: 38/38 MP: 3/3
  1422 | D:3      | Found a stormy altar of Qazlal.
  2011 | D:3      | Found a glowing silver altar of Zin.
  2011 | D:3      | Found a glowing golden altar of the Shining One.
  2011 | D:3      | Found a white marble altar of Elyvilon.
  2297 | D:3      | Found a runed translucent gate.
  2297 | D:3      | Found a runed translucent gate.
  2299 | D:3      | Found a runed translucent gate.
  2299 | D:3      | Noticed mandoloar's ghost (weakling MiFi)
  2299 | D:3      | Noticed Mitcholas's ghost (amateur GrFi)
  2300 | D:3      | Noticed zinnoa's ghost (amateur OpEn)
  2300 | D:3      | Noticed IdlyInterested's ghost (amateur DsGl)
  2373 | D:3      | Reached XP level 5. HP: 32/45 MP: 4/4
  2647 | D:3      | Found a blossoming altar of Fedhas.
  2905 | D:4      | Noticed Menkaure
  3324 | D:4      | Found a shimmering altar of Xom.
  3336 | D:4      | Reached skill level 6 in Ranged Weapons
  3336 | D:4      | Reached XP level 6. HP: 52/52 MP: 5/5
  3715 | D:4      | Killed Menkaure
  3792 | D:4      | Noticed Natasha
  3796 | D:4      | Killed Natasha
  3797 | D:4      | Reached XP level 7. HP: 50/60 MP: 6/6
  4497 | D:4      | Found an ancient bone altar of Kikubaaqudgha.
  4546 | D:5      | Entered Level 5 of the Dungeon
  4611 | D:5      | You fall into a shaft and drop 2 floors!
  4663 | D:7      | Reached skill level 7 in Ranged Weapons
  4715 | D:6      | Found a glowing drain.
  4732 | Sewer    | Entered a sewer
  4775 | Sewer    | Reached skill level 5 in Fighting
  5021 | D:6      | Found a staircase to the Ecumenical Temple.
  5037 | Temple   | Entered the Ecumenical Temple
  5079 | Temple   | Became a worshipper of Hepliaklqana the Forgotten
  5278 | D:6      | Reached skill level 5 in Dodging
  5278 | D:6      | Reached skill level 1 in Evocations
  5278 | D:6      | Reached XP level 8. HP: 57/69 MP: 7/7
  5460 | D:5      | Reached skill level 8 in Ranged Weapons
  5460 | D:5      | Reached skill level 5 in Armour
  5475 | D:5      | Reached * piety under Hepliaklqana
  6108 | D:6      | Found a runed translucent gate.
  6109 | D:6      | Found a runed translucent gate.
  6110 | D:6      | Found a runed translucent gate.
  6111 | D:6      | Found an opulent altar of Gozag.
  6113 | D:6      | Noticed samgaumpmail's ghost (novice TrHW)
  6652 | D:6      | Noticed a rust devil
  6652 | D:6      | Noticed a rust devil
  6688 | D:7      | Found Penuakki's Specific Store.
  6692 | D:7      | Found Hiaw's General Store.
  6696 | D:7      | Bought a potion of mutation for 88 gold pieces
  6700 | D:7      | Bought a scroll of identify for 22 gold pieces
  7094 | D:7      | Reached skill level 9 in Ranged Weapons
  7094 | D:7      | Reached XP level 9. HP: 70/70 MP: 8/8
  7684 | D:7      | Bought a potion of curing for 33 gold pieces
  7684 | D:7      | Bought a scroll of fear for 44 gold pieces
  7713 | D:8      | Reached ** piety under Hepliaklqana
  7714 | D:8      | Remembered your ancestor Tlaloc as a knight
  8017 | D:8      | Noticed Prince Ribbit
  8022 | D:8      | Killed Prince Ribbit
  8023 | D:8      | Reached skill level 10 in Ranged Weapons
  8290 | D:8      | Found a broken altar of Ashenzari.
  9094 | D:9      | Found a staircase to the Lair.
  9185 | D:9      | Found a staircase to the Orcish Mines.
  9185 | D:9      | Noticed a troll
  9188 | D:9      | Killed a troll
  9189 | D:9      | Reached skill level 11 in Ranged Weapons
  9189 | D:9      | Reached XP level 10. HP: 80/81 MP: 9/9
  9609 | D:9      | Found a hide-covered altar of Uskayaw.
  9692 | D:10     | Entered Level 10 of the Dungeon
  9739 | D:10     | Reached skill level 12 in Ranged Weapons
  9742 | D:10     | Reached *** piety under Hepliaklqana
  9957 | D:10     | Noticed a two-headed ogre
  9967 | D:10     | Killed a two-headed ogre
 10324 | D:10     | Reached XP level 11. HP: 89/89 MP: 10/10
 10335 | D:10     | Reached skill level 13 in Ranged Weapons
 10601 | D:11     | Noticed Erolcha
 10643 | Orc:1    | Entered Level 1 of the Orcish Mines
 10794 | Orc:1    | Reached skill level 10 in Fighting
 10949 | Orc:1    | Noticed Urug
 10963 | Orc:1    | Killed Urug
 11057 | Orc:1    | Noticed an orc sorcerer
 11063 | Orc:1    | Killed an orc sorcerer
 11064 | Orc:1    | Reached skill level 10 in Armour
 11303 | Orc:2    | Entered Level 2 of the Orcish Mines
 11487 | Orc:2    | Noticed a two-headed ogre
 11488 | Orc:2    | Noticed an orc warlord
 11524 | Orc:1    | Killed a two-headed ogre
 11582 | Lair:1   | Entered Level 1 of the Lair of Beasts
 11605 | Lair:1   | Reached skill level 14 in Ranged Weapons
 11619 | Lair:1   | Identified the +5 falchion of Diet Blood {heavy, Int+4}
 11644 | Lair:1   | Found a dark tunnel.
 11653 | Volcano  | Entered a volcano
 11814 | Volcano  | Found a bloodstained altar of Trog.
 11832 | Volcano  | Slain by an earth elemental

Illustrated notes

Levels and vault maps discovered:
D:1:      wheals_arrival_linesprint, layout_loops_ring,
          hellmonk_ecumenical_altar_run_dry
D:2:      layout_basic
D:3:      layout_basic, dreamdust_divine_triumvirate, fedhas_altar_fruit_tree,
          nicolae_qazlal_scattered_showers, serial_glass, glass_columns_a,
          glass_columns_b, gammafunk_ghost_cemetery
D:4:      layout_basic, led_xom_imps, mainiacjoe_overflow_alcove_2,
          amcnicky_mini_pool_small, uniq_natasha, uniq_menkaure
D:5:      layout_loops_ring
D:6:      cheibrodos_iron_armory, layout_loops_ring, minmay_temple_entry_grid,
          cheibrodos_sewer_entry_bend, ebering_ghost_gozag,
          dreamdust_princess_bridge
D:7:      layout_loops_cross, grunt_ogre_cave, nicolae_specific_store
D:8:      layout_basic, nicolae_ashenzari_skybound, minmay_misc_feat_pillars,
          uniq_prince_ribbit1
D:9:      layout_roguey, lemuel_doored_altar, lair_entry_dummy,
          kennysheep_orc_monster_closet_entryway, minmay_misc_feat_square,
          minivault_26
D:10:     layout_rooms, roderic_batcave, dk_noncrumbling_4
D:11:     layout_rooms, uniq_erolcha
Temple:   nicolae_temple_god_jail
Lair:1:   layout_regular_city, nicolae_volcano_entry_hallway,
          nicolae_lair_lindhole, lemuel_fruit_fields, uniq_maggie
Orc:1:    layout_diamond_mine, nicolae_orc_rockfall, uniq_urug
Orc:2:    st_orc_elflike, layout_diamond_mine, uniq_jorgrun, uniq_sonja
Volcano:  volcano_grotto [vgs_original]

Skill      XL: |  1  2  3  4  5  6  7  8  9 10 11 |
---------------+----------------------------------+-----
Stealth        | 1 |  1.0
Armour         | 1 2 3 4 5 8 9 10 | 10.1
Ranged Weapons | 5 6 7 9 11 12 14 | 14.3
Fighting       | 3 4 5 6 8 9 11 | 11.0
Dodging        | 3 4 5 6 |  6.0
Evocations     | 1 2 3 |  3.0
Invocations    | |  0.9

Action                   |  1- 3 |  4- 6 |  7- 9 | 10-12 || total
-------------------------+-------+-------+-------+-------++-------
Melee: Shortbow          |       |       |     1 |       ||     1
 Fire: Shortbow          |   107 |   165 |   380 |   321 ||   973
Invok: Ancestor Life: Kn |       |       |     1 |       ||     1
       Recall Ancestor   |       |       |       |     3 ||     3
Evoke: Wand              |       |       |       |     4 ||     4
  Use: Potion            |       |       |     5 |       ||     5
       Scroll            |       |       |    13 |     8 ||    21
Armor: Leather armour    |    11 |    20 |     7 |       ||    38
       Robe              |       |       |       |    12 ||    12
       Ring mail         |       |       |       |     3 ||     3
Dodge: Dodged            |    24 |    65 |    58 |    62 ||   209

Table legend: (Time is in decaauts)
 A = Elapsed time spent in this place.
 B = Non-inter-level travel time spent in this place.
 C = Inter-level travel time spent in this place.
 D = Time resting spent in this place.
 E = Time spent auto-exploring this place.
 F = Levels seen in this place.
 G = Mean time per level.
                   A        B        C        D        E       F      G
               +--------+--------+--------+--------+--------+-----+--------+
         Total |  11920 |  11204 |    716 |   1735 |   7500 |  17 |  701.2 |
       Dungeon |  10632 |  10002 |    630 |   1432 |   6928 |  11 |  966.5 |
        Temple |     60 |     43 |     17 |      0 |     24 |   1 |   60.0 |
          Lair |     69 |     69 |      0 |     16 |      3 |   1 |   69.0 |
  Orcish Mines |    737 |    669 |     68 |    163 |    376 |   2 |  368.5 |
         Sewer |    248 |    248 |      0 |    101 |     98 |   1 |  248.0 |
       Volcano |    171 |    171 |      0 |     23 |     71 |   1 |  171.0 |
               +--------+--------+--------+--------+--------+-----+--------+

Top non-repeatable levels by time:
     D:4: 1633 daAuts
     D:8: 1308 daAuts
     D:7: 1220 daAuts
     D:3: 1150 daAuts
     D:6: 1142 daAuts
     D:9: 1053 daAuts
     D:1: 933 daAuts
     D:2: 906 daAuts
    D:10: 754 daAuts
   Orc:1: 699 daAuts
     D:5: 527 daAuts
   Sewer: 248 daAuts
 Volcano: 171 daAuts
  Lair:1: 69 daAuts
  Temple: 60 daAuts
